 Dungeon Crawl Stone Soup version 0.20-a0-550-gf70bbbc (webtiles) character file.

91 TuxedoFelix the Skirmisher (level 4, 0/40 HPs)
             Began as a Hill Orc Fighter on Feb 2, 2017.
             Slain by a gnoll
             ... wielding a +0 halberd
              (4 damage)
             ... on level 3 of the Dungeon.
             The game lasted 00:11:17 (2313 turns).

TuxedoFelix the Skirmisher (Hill Orc Fighter)       Turns: 2313, Time: 00:11:18

Health: 0/40       AC: 10    Str: 19    XL:     4   Next: 57%
Magic:  4/4        EV:  7    Int:  8    God:
Gold:   130        SH:  9    Dex: 10    Spells: 3/3 levels left

rFire    . . .     SeeInvis .   a - +0 flail
rCold    . . .     Gourm    .   b - +0 scale mail
rNeg     . . .     Faith    .   c - +0 shield
rPois    .         Spirit   .   (no helmet)
rElec    .         Reflect  .   k - +0 cloak
rCorr    .         Harm     .   (no gloves)
MR       +....                  (no boots)
Stlth    ..........             (no amulet)
Regen    0.2/turn               p - ring of protection from magic
                                o - +2 ring of protection

@: no status effects
A: no striking features
a: no special abilities


You were on level 3 of the Dungeon.
You were hungry.

You visited 1 branch of the dungeon, and saw 3 of its levels.

You collected 130 gold pieces.

Inventory:

Hand Weapons
 a - a +0 flail (weapon)
Armour
 b - a +0 scale mail (worn)
 c - a +0 shield (worn)
 k - a +0 cloak (worn)
Jewellery
 o - a +2 ring of protection (left hand)
 p - a ring of protection from magic (right hand)
 u - an uncursed ring of positive energy
Scrolls
 e - 2 scrolls of recharging {unknown}
 g - a scroll of fog {unknown}
 i - a scroll of random uselessness {unknown}
 j - 2 scrolls of teleportation {unknown}
 l - 2 scrolls of identify {unknown}
 n - a scroll of enchant weapon {unknown}
 q - a scroll of immolation {unknown}
 s - 2 scrolls of fear {unknown}
 t - a scroll of noise {unknown}
 w - a scroll of remove curse {unknown}
Potions
 m - a potion of heal wounds {unknown}
 v - a potion of curing {unknown}
Comestibles
 f - a bread ration
 h - 2 royal jellies
 r - a chunk of flesh


   Skills:
 * Level 4.1 Fighting
 + Level 3.2 Maces & Flails
 + Level 3.9 Armour
 - Level 0.1 Dodging
 + Level 4.1 Shields


You had 3 spell levels left.
You didn't know any spells.

Dungeon Overview and Level Annotations

Branches:
Dungeon (3/15)

Altars:
Fedhas
Gozag


Message History

Some of the chunks of flesh in your inventory have rotted away.
Found 14 gold pieces.
The gnoll barely misses you.
Found a scroll labeled OZETOT PENOUH.
You see here 14 gold pieces.
You see here a scroll labeled OZETOT PENOUH.
The gnoll closely misses you.
Found a war axe.
You see here a war axe.
The gnoll hits you from afar with a halberd!
* * * LOW HITPOINT WARNING * * *
The gnoll hits you with a halberd.
* * * LOW HITPOINT WARNING * * *
You block the gnoll's attack.
You sock the gnoll!
You kill the gnoll!
You block the gnoll's attack.
You feel a little less mighty now.
The gnoll hits you from afar with a halberd.
You die...

## .. #.
#. #. #.
#.########
#.@.g....#
########.#
#.# #.#
#.# #.#
#.# #.#
#.#


You could see a gnoll.

Vanquished Creatures
  3 gnolls (D:3)
  A worm (D:3)
  A dart slug (D:1)
  2 leopard geckos
  3 bats
  5 giant cockroaches
  8 goblins
  11 hobgoblins
  4 jackals (D:1)
  A ball python (D:1)
  3 frilled lizards
  3 kobolds
  2 rats
47 creatures vanquished.

Notes
Turn   | Place    | Note
-------+----------+-------------------------------------------
     0 | D:1      | TuxedoFelix the Hill Orc Fighter began the quest for the Orb.
     0 | D:1      | Reached XP level 1. HP: 19/19 MP: 1/1
   119 | D:1      | Reached XP level 2. HP: 22/27 MP: 2/2
   490 | D:1      | Reached XP level 3. HP: 33/33 MP: 3/3
  1448 | D:2      | Found a blossoming altar of Fedhas.
  2194 | D:3      | Reached XP level 4. HP: 40/40 MP: 4/4
  2222 | D:3      | Found an opulent altar of Gozag.
  2298 | D:3      | HP: 2/40 [gnoll/halberd (4)]
  2313 | D:3      | Slain by a gnoll

Vault maps used:
D:1:      dpeg_arrival_refuge, serial_glass, glass_columns_a, glass_columns_a
D:2:      kennysheep_cross_bottleneck, hex_large, fedhas_altar_4
D:3:      nicolae_gozag_seed_capital, nicolae_overflow_hidden_temple

Skill      XL: |  1  2  3  4 |
---------------+-------------+-----
Shields        | 4 |  4.1
Fighting       | 4 |  4.1
Maces & Flails | 3 |  3.2
Armour         | |  3.9
Dodging        | |  0.1

Action                   |  1- 3 |  4- 6 || total
-------------------------+-------+-------++-------
Melee: Flail             |   152 |    15 ||   167
  Use: Potion            |       |     1 ||     1
  Eat: Chunk             |     4 |       ||     4
Armor: Scale mail        |    75 |     7 ||    82
Dodge: Dodged            |    47 |    11 ||    58
Block: Shield            |    93 |    11 ||   104
